 Dungeon Crawl Stone Soup version 0.28-a0-43-g560ac104fe (webtiles) character file.

Game seed: 15758049435383283152

8283 sanka the Nimble (level 11, -1/85 HPs)
             Began as a Djinni Summoner on July 28, 2021.
             Was a Follower of Makhleb.
             Slain by Harold (16 damage)
             ... on level 10 of the Dungeon.
             The game lasted 00:28:41 (12682 turns).

sanka the Nimble (Djinni Summoner)                 Turns: 12682, Time: 00:28:41

Health: -1/85      AC: 13    Str: 13    XL:     11   Next: 52%
Gold:   152        EV: 18    Int: 17    God:    Makhleb [*.....] SH:  0 Dex: 17

rFire   + + .      SeeInvis .   a - +4 trident of Darkness {vorpal, rElec rCorr}
rCold   . . .      Faith    .   (no shield)
rNeg    . . .      Spirit   .   D - +3 leather armour {rC+}
rPois   ∞          Reflect  .   j - +2 helmet
rElec   +          Harm     .   g - +0 cloak
rCorr   +          Rampage  .   f - +2 pair of gloves {Str+3}
Will    +++..                   (boots unavailable)
Stlth   ++........              (no amulet)
HPRegen 0.24/turn               M - ring "Vegge" {Will+ Str+3}
MPRegen 0.00/turn               n - ring of willpower

@: flying
A: sickness immunity, fire resistance 2, cold vulnerability 1, float, innate
caster, hp casting, extra vitality 1
a: Renounce Religion


You were on level 10 of the Dungeon.
You worshipped Makhleb.
Makhleb was aware of your devotion.
You visited 2 branches of the dungeon, and saw 11 of its levels.

You collected 481 gold pieces.
You spent 329 gold pieces at shops.


Innate Abilities, Weirdness & Mutations

You are immune to sickness and miasma.
You are immune to poison.
Your flesh is very heat resistant. (rF++)
You are vulnerable to cold. (rC-)
You float through the air rather than walking.
You learn spells naturally, not from books.
Your magical power is your life essence.
You have superior vitality. (+4 HP)


   Skills:
 + Level 10.2 Fighting
 + Level 11.2 Dodging
 - Level 1.5 Stealth
 - Level 8.0 Spellcasting


You couldn't memorise any spells.
You knew the following spells:

 Your Spells              Type           Power      Damage    Failure   Level
c - Call Canine Familiar  Summ           34%        N/A       1%          3
i - Bolt of Magma         Conj/Fire/Erth 17%        4d9       14%         5
u - Shock                 Conj/Air       100%       1d9       1%          1
v - Static Discharge      Conj/Air       34%        N/A       1%          2
w - Passage of Golubria   Tloc           N/A        N/A       4%          4
x - Call Imp              Summ           34%        N/A       1%          2
y - Summon Small Mammal   Summ           100%       N/A       1%          1
z - Vampiric Draining     Necr           17%        2d8       1%          3
X - Summon Lightning Spi  Summ/Air       34%        N/A       4%          4
Z - Summon Guardian Gole  Hex/Summ       34%        N/A       1%          3
Your spell library was empty.

Inventory:

Hand Weapons
 a - the +4 trident of Darkness (weapon) {vorpal, rElec rCorr}

   It inflicts extra damage upon your enemies.
   rElec:     It insulates you from electricity.
   rCorr:     It protects you from acid and corrosion.
 x - a +2 dagger of draining
Missiles
 p - 6 curare-tipped darts {=f}
 w - a throwing net {=f}
Armour
 b - a +0 kite shield
 f - a +2 pair of gloves of strength (worn)
 g - a +0 cloak (worn)
 j - a +2 helmet (worn)
 D - a +3 leather armour of cold resistance (worn)
 E - +0 acid dragon scales
 K - the +8 orange crystal plate armour {Archmagi, Int+3 Clar}

   Int:       It affects your intelligence (+3).
   Clar:      It protects you against confusion.
Magical Staves
 q - a staff of death
 I - a staff of air
Jewellery
 n - a ring of willpower (right hand)
 M - the ring "Vegge" (left hand) {Will+ Str+3}

   [ring of willpower]

   Str:       It affects your strength (+3).
   Will:      It increases your willpower.
 O - a ring of protection from fire
Wands
 i - a wand of charming (10)
 o - a wand of polymorph (11)
 A - a wand of iceblast (9)
 F - a wand of digging (4)
 H - a wand of flame (13)
Scrolls
 d - 2 scrolls of teleportation {@r4}
 l - a scroll of enchant weapon
 s - a scroll of blinking
 t - 2 scrolls of fog
 y - a scroll of holy word
 z - 2 scrolls of vulnerability {!r}
 G - a scroll of enchant armour
 J - 3 scrolls of fear
 L - a scroll of magic mapping
Potions
 c - a potion of magic {unknown}
 e - 2 potions of heal wounds {unknown}
 h - a potion of berserk rage {unknown}
 k - 4 potions of mutation {unknown}
 m - 4 potions of curing {@q1}
 r - 2 potions of haste {@q3}
 u - 2 potions of ambrosia {unknown}
 v - 2 potions of cancellation {unknown}
 B - 2 potions of resistance {unknown}
 C - 3 potions of might
Miscellaneous
 N - a lightning rod (4/4)

Dungeon Overview and Level Annotations

Branches:
Dungeon (10/15)            Temple (1/1) D:4            Lair (0/6) D:9
    Orc (0/2) D:9

Altars:
Ashenzari
Cheibriados
Dithmenos
Elyvilon
Fedhas
Hepliaklqana
Kikubaaqudgha
Makhleb
Okawaru
Qazlal
Ru
Sif Muna
Trog
Uskayaw
Vehumet
Wu Jian
Xom
Yredelemnul
Zin
The Shining One

Shops:
D:3 *[*   D:6 (   D:8 *

Annotations:
D:10 Harold

▒▒▒▒▒▒▒▒▒▒▒▒▒
▒▒...........▒▒▒▒▒▒
.▒...........▒....▒
.▒...........▒....▒
.▒..........>▒....▒ .
.+..........)'....▒ ...
▒▒...........▒'▒▒▒▒.....
.....▒▒▒▒▒......R@....▒
.....▒ ▒.......c....'.
.....+ ▒............▒.
.....▒ ▒............▒
▒▒▒.... ▒▒▒▒▒▒▒.....▒▒
▒....▒ ▒.....+ ....▒
▒.....▒ ....▒ ......▒


You could see Harold (fast) and a centaur.


Message History

Harold closely misses you. The centaur barely misses you.
The centaur completely misses you.
Aiming: Vampiric Draining (safe; 1% risk of failure)
Aim: Harold, wielding a +3 glaive of holy wrath, wearing a +0 scale mail and quivering 3 throwing nets (severely wounded, fast)
You draw life force from Harold.
You feel life coursing into your body.
Harold hits you with a +3 glaive of holy wrath.
The centaur misses you.
The centaur kicks you but does no damage.
Harold hits you with a +3 glaive of holy wrath!!
* * * LOW HITPOINT WARNING * * *
The centaur hits you but does no damage.
The centaur closely misses you.
Aiming: Vampiric Draining (safe; 1% risk of failure)
Aim: Harold, wielding a +3 glaive of holy wrath, wearing a +0 scale mail and quivering 3 throwing nets (severely wounded, fast)
You draw life force from Harold!
You feel life coursing into your body.
* * * LOW HITPOINT WARNING * * *
Harold hits you with a +3 glaive of holy wrath!
* * * LOW HITPOINT WARNING * * *
The centaur closely misses you.
The centaur kicks you but does no damage.
Aiming: Vampiric Draining (safe; 1% risk of failure)
Aim: Harold, wielding a +3 glaive of holy wrath, wearing a +0 scale mail and quivering 3 throwing nets (almost dead, fast)
You draw life force from Harold!
You feel life coursing into your body.
* * * LOW HITPOINT WARNING * * *
Harold hits you with a +3 glaive of holy wrath!
You die...

Action                   |  1- 3 |  4- 6 |  7- 9 | 10-12 || total
-------------------------+-------+-------+-------+-------++-------
Melee: Unarmed           |    73 |       |       |       ||    73
       Dagger            |       |       |     9 |       ||     9
       Trident           |       |       |     8 |    23 ||    31
 Cast: Summon Small Mamm |    40 |       |       |       ||    40
       Call Imp          |     9 |     1 |     3 |     1 ||    14
       Shock             |    24 |   117 |   102 |     5 ||   248
       Vampiric Draining |       |       |    72 |   115 ||   187
       Static Discharge  |       |       |    17 |    11 ||    28
Evoke: Wand              |       |       |       |     5 ||     5
  Use: Scroll            |       |       |    10 |     4 ||    14
 Stab: Sleeping          |       |       |       |     1 ||     1
Armor: Robe              |    46 |     5 |    18 |       ||    69
       Leather armour    |       |       |     3 |   103 ||   106
Dodge: Dodged            |    81 |    15 |    70 |   180 ||   346

Levels and vault maps discovered:
D:1:      dpeg_arrival_simpleton_a, layout_rooms
D:2:      layout_loops_ring, dreamdust_ecumenical_altar_hidden_monk_grotto
D:3:      layout_loops_corners, general_overflow_altar, serial_shops,
          nicolae_lakefront_shop, nicolae_shop_waterfront, shop, uniq_natasha,
          uniq_robin
D:4:      layout_layer_cave, beargit_hepliaklqana_dungeon_heroes,
          nicolae_wu_jian_wuxing_cycle, minmay_temple_entry_grid, minivault_1
D:5:      layout_loops_ring, uniq_prince_ribbit1
D:6:      layout_rooms, serial_shops, nicolae_diamond_shop, nrook_uturn,
          uniq_menkaure
D:7:      layout_basic, grunt_qazlal_clouds, eino_curves_03, eino_tiny_chamber,
          chequers_serial_rivers_micro_c
D:8:      layout_basic, tgw_sif, serial_shops, nicolae_shop_crystal,
          kennysheep_nondescript, kennysheep_generic_room_16
D:9:      minmay_cut_squares, layout_cross, lair_entry_dummy, orc_0_dummy,
          minmay_fractal_squares_gapless_5
D:10:     layout_gridville, nemelex_spade_bored_becter, lemuel_tele_altar,
          david_defended_altar_orc, uniq_harold, uniq_nergalle
Temple:   nicolae_temple_no_exploring_needed

Notes
Turn   | Place    | Note
-------+----------+-------------------------------------------
     0 | D:1      | sanka the Djinni Summoner began the quest for the Orb.
     0 | D:1      | Reached XP level 1. HP: 15/15 MP: 0/0
   503 | D:1      | Reached XP level 2. HP: 17/22 MP: 0/0
  1196 | D:1      | Reached skill level 1 in Fighting
  1697 | D:2      | Found a faded altar of an unknown god.
  1861 | D:2      | Reached XP level 3. HP: 25/27 MP: 0/0
  1861 | D:2      | Learned a level 1 spell: Shock
  2094 | D:2      | Reached skill level 3 in Dodging
  2658 | D:3      | Noticed Natasha
  2669 | D:3      | Killed Natasha
  2670 | D:3      | Reached XP level 4. HP: 11/33 MP: 0/0
  2897 | D:3      | Noticed Robin
  2902 | D:3      | Reached skill level 2 in Fighting
  2905 | D:3      | Killed Robin
  3126 | D:3      | Found Wienihis's General Store.
  3127 | D:3      | Found Ylemez's Armour Shoppe.
  3257 | D:3      | Noticed Natasha
  3274 | D:3      | Killed Natasha
  3275 | D:3      | Reached XP level 5. HP: 35/39 MP: 0/0
  3275 | D:3      | Learned a level 2 spell: Static Discharge
  3398 | D:3      | Found Sout's Assorted Antiques.
  3562 | D:3      | Found a sacrificial altar of Ru.
  3657 | D:3      | Noticed Natasha
  3661 | D:3      | Killed Natasha
  3899 | D:3      | Bought 4 curare-tipped darts for 26 gold pieces
  3960 | D:4      | Reached skill level 4 in Spellcasting
  4015 | D:4      | Reached skill level 4 in Dodging
  4015 | D:4      | Reached XP level 6. HP: 42/45 MP: 0/0
  4046 | D:4      | Reached skill level 3 in Fighting
  4633 | D:4      | Found an ornate altar of the Wu Jian Council.
  5181 | D:4      | Found a staircase to the Ecumenical Temple.
  5231 | D:4      | Reached XP level 7. HP: 46/51 MP: 0/0
  5231 | D:4      | Learned a level 3 spell: Vampiric Draining
  5257 | Temple   | Entered the Ecumenical Temple
  5263 | Temple   | Became a worshipper of Makhleb the Destroyer
  5408 | D:4      | Identified a scroll of acquirement
  5409 | D:4      | Acquired a +2 pair of gloves of strength
  5433 | D:4      | Reached skill level 4 in Fighting
  5433 | D:4      | Reached skill level 5 in Dodging
  5885 | D:4      | Found a hazy altar of Hepliaklqana.
  6017 | D:4      | Found a faded altar of an unknown god.
  6125 | D:5      | Entered Level 5 of the Dungeon
  6266 | D:5      | Noticed Prince Ribbit
  6281 | D:5      | Killed Prince Ribbit
  6282 | D:5      | Reached skill level 5 in Spellcasting
  6282 | D:5      | Reached XP level 8. HP: 36/58 MP: 0/0
  6286 | D:5      | Reached skill level 6 in Dodging
  6532 | D:5      | Reached skill level 5 in Fighting
  6550 | D:5      | Identified the +4 trident of Darkness {vorpal, rElec rCorr}
  7363 | D:6      | Noticed Menkaure
  7513 | D:6      | Killed Menkaure
  7514 | D:6      | Reached skill level 7 in Dodging
  7514 | D:6      | Reached XP level 9. HP: 22/66 MP: 0/0
  7514 | D:6      | Learned a level 4 spell: Passage of Golubria
  7756 | D:6      | Reached skill level 6 in Fighting
  8137 | D:6      | Reached skill level 6 in Spellcasting
  8163 | D:6      | Found Dobbynet's Weapon Shoppe.
  8542 | D:7      | Found a stormy altar of Qazlal.
  9105 | D:3      | Bought a +3 leather armour of cold resistance for 264 gold
                  | pieces
  9272 | D:8      | Reached skill level 7 in Fighting
  9272 | D:8      | Reached skill level 8 in Dodging
  9279 | D:8      | Reached * piety under Makhleb
  9374 | D:8      | Identified +0 acid dragon scales
  9475 | D:8      | Reached XP level 10. HP: 73/75 MP: 0/0
  9603 | D:8      | Found Ytzent's General Store.
  9646 | D:8      | Reached skill level 9 in Dodging
  9648 | D:8      | Reached skill level 8 in Fighting
  9648 | D:8      | Reached skill level 7 in Spellcasting
 10757 | D:8      | Bought a potion of curing for 39 gold pieces
 10787 | D:9      | Noticed a red ugly thing
 10798 | D:9      | Killed a red ugly thing
 10981 | D:9      | Noticed a kobold demonologist
 10982 | D:9      | Noticed a manticore
 10991 | D:9      | Killed a kobold demonologist
 10997 | D:9      | Killed a manticore
 11009 | D:9      | Noticed a six-headed hydra
 11009 | D:9      | Identified the ring "Vegge" {Will+ Str+3}
 11009 | D:9      | Noticed a centaur warrior
 11249 | D:9      | Reached skill level 10 in Dodging
 11251 | D:9      | Noticed a wizard
 11272 | D:9      | Killed a wizard
 11273 | D:9      | Reached skill level 9 in Fighting
 11273 | D:9      | Reached XP level 11. HP: 65/84 MP: 0/0
 11273 | D:9      | Learned a level 5 spell: Bolt of Magma
 11356 | D:9      | Found a staircase to the Lair.
 11377 | D:9      | Noticed a centaur warrior
 11385 | D:9      | Found the +8 orange crystal plate armour {Archmagi, Int+3
                  | Clar}
 11397 | D:9      | Killed a centaur warrior
 11398 | D:9      | Reached skill level 8 in Spellcasting
 11794 | D:9      | Killed a centaur warrior
 11798 | D:9      | Reached skill level 11 in Dodging
 11803 | D:9      | Reached skill level 10 in Fighting
 12131 | D:9      | Killed a six-headed hydra
 12413 | D:9      | Found a staircase to the Orcish Mines.
 12591 | D:9      | Identified the +2 quarterstaff of the Singing Coward {holy,
                  | Fragile rF++ Dex+6}
 12646 | D:10     | Entered Level 10 of the Dungeon
 12672 | D:10     | Noticed Harold
 12682 | D:10     | Slain by Harold

Vanquished Creatures
  2 centaur warriors (D:9)
  A hydra (D:9)
  A wizard (D:9)
  An ugly thing (D:9)
  A manticore (D:9)
  A kobold demonologist (D:9)
  A meliai (D:9)
  Prince Ribbit (D:5)
  6 yaks (D:8)
  A wraith (D:9)
  Menkaure (D:6)
  4 vampire mosquitoes
  A water moccasin (D:7)
  An acid dragon (D:8)
  An orc warrior (D:7)
  A black bear (D:6)
  A sky beast (D:7)
  2 ogres
  A necrophage (D:8)
  2 centaurs
  A phantom (D:6)
  3 kobold brigands
  A bullfrog (D:4)
  2 scorpions
  A water moccasin zombie (D:6)
  A water moccasin skeleton (D:4)
  12 killer bees (D:9)
  2 lava snakes (D:8)
  A bullfrog zombie (D:5)
  A centaur zombie (D:8)
  A hound (D:5)
  A jelly (D:5)
  A gnoll shaman (D:8)
  5 iguanas
  Natasha (thrice) (D:3)
  8 orc wizards
  Robin (D:3)
  9 gnolls
  4 adders
  An ufetubus (D:5)
  22 orcs
  5 bats
  3 endoplasms
  3 giant cockroaches
  8 goblins
  5 hobgoblins
  6 jackals
  12 kobolds
  3 ball pythons
157 creatures vanquished.

Vanquished Creatures (collateral kills)
  An adder (D:2)
  A worm (D:2)
  A dart slug (D:1)
  2 bats (D:1)
  3 endoplasms (D:1)
  A goblin (D:1)
  4 hobgoblins
  A jackal (D:2)
  2 kobolds
  A ball python (D:2)
  A frilled lizard (D:1)
  2 rats
20 creatures vanquished.

Grand Total: 177 creatures vanquished
